 Dungeon Crawl Stone Soup version 0.25-a0-578-gc91f01c39c (webtiles) character file.

Game seed: 8128693416613222935, levelgen mode: deterministic

151 inmateoo the Insei (level 5, 0/41 HPs)
             Began as a Vampire Monk on Mar 7, 2020.
             Slain by an orc
             ... wielding a +0 whip of electrocution
              (5 damage)
             ... on level 3 of the Dungeon.
             The game lasted 00:03:32 (2882 turns).

inmateoo the Insei (Vampire Monk)                   Turns: 2882, Time: 00:03:34

Health: 0/41       AC:  8    Str:  6    XL:     5   Next: 11%
Magic:  5/5        EV: 11    Int: 12    God:
Gold:   183        SH:  0    Dex: 17    Spells: 4/4 levels left

rFire    . . .     SeeInvis +     - Unarmed
rCold    . . .     Gourm    .   (no shield)
rNeg     . . .     Faith    .   p - +0 ring mail
rPois    .         Spirit   .   g - +1 helmet
rElec    .         Reflect  .   (no cloak)
rCorr    +         Harm     .   n - +0 pair of gloves
MR       .....                  (no boots)
Stlth    ++........             (no amulet)
HPRegen  0.33/turn              l - ring of resist corrosion
MPRegen  0.09/turn              a - -5 ring of strength (curse)

@: regenerating quickly
A: no food, fangs 3, see invisible, unbreathing
a: Exsanguinate


You were on level 3 of the Dungeon.
You were alive.

You visited 1 branch of the dungeon, and saw 3 of its levels.

You collected 183 gold pieces.

Inventory:

Missiles
 e - 8 javelins (quivered)
Armour
 g - a +1 helmet (worn)
 n - a +0 pair of gloves (worn)
 p - a +0 ring mail (worn)
Jewellery
 a - a cursed -5 ring of strength (right hand)
 b - an uncursed ring of protection from cold {unknown}
 h - a +5 ring of strength
 l - a ring of resist corrosion (left hand)
Scrolls
 k - a scroll of teleportation
Potions
 c - 2 potions of berserk rage
 i - a potion of might
 j - 2 potions of curing


   Skills:
 + Level 3.5 Fighting
 + Level 4.2 Dodging
 - Level 3.0 Stealth
 * Level 5.1 Unarmed Combat


You had 4 spell levels left.
You didn't know any spells.
Your spell library was empty.

Dungeon Overview and Level Annotations

Branches:
Dungeon (3/15)

Altars:
Ashenzari
Fedhas
Kikubaaqudgha
Sif Muna
Wu Jian
The Shining One


Innate Abilities, Weirdness & Mutations

You do not eat.
Your natural rate of healing is unusually fast.
You have razor-sharp teeth.
You have supernaturally acute eyesight. (SInv)
You can survive without breathing.


Message History

a cursed -2 trident; a +0 ring mail; an orc corpse No target in view!
No target in view!
No target in view!
An orc comes into view.
It is wielding a +0 whip of electrocution.
An orc is nearby!
Items here: )) [ † a cursed +0 club; a +0 robe; a +0 dagger; an orc corpse Your ring mail prevents you from hitting the orc.
The orc hits you but does no damage.
You are electrocuted!!
You closely miss the orc. Your bite misses the orc.
The orc hits you with a +0 whip of electrocution.
You are electrocuted!
* * * LOW HITPOINT WARNING * * *
You closely miss the orc. Your bite misses the orc. The orc barely misses you.
You are too injured to fight recklessly!
Unknown command.
You barely miss the orc. You bite the orc, but do no damage.
The orc hits you with a +0 whip of electrocution.
You die...

# .# # .#.# #.. #
#>.## ##.. #. ....#
##...## #.###...#
##.....## .......#
##.......##
#.#o..###.........## #
#..@....'.........'.
#.##....###.........##
#)......# #.......##
####.#### ##.....##
#)# ##...## #####.####
##'## #........# #.#
#.###.##.# ### #.# #.#
#.##.###.###.##


You could see an orc.

Vanquished Creatures
  An orc wizard (D:3)
  5 adders
  2 oozes
  2 worms
  3 dart slugs
  2 orcs (D:3)
  4 giant cockroaches
  2 goblins (D:1)
  4 hobgoblins
  8 jackals
  5 bats
  3 frilled lizards
  8 kobolds
  5 rats (D:1)
54 creatures vanquished.

Notes
Turn   | Place    | Note
-------+----------+-------------------------------------------
     0 | D:1      | inmateoo the Vampire Monk began the quest for the Orb.
     0 | D:1      | Reached XP level 1. HP: 17/17 MP: 1/1
   195 | D:1      | Reached XP level 2. HP: 11/23 MP: 2/2
   566 | D:1      | Found a shattered altar of Ashenzari.
   961 | D:1      | Reached skill level 4 in Unarmed Combat
  1174 | D:1      | Reached XP level 3. HP: 16/29 MP: 3/3
  1576 | D:1      | Reached XP level 4. HP: 34/35 MP: 4/4
  1631 | D:2      | Found an ancient bone altar of Kikubaaqudgha.
  1691 | D:2      | Found an ornate altar of the Wu Jian Council.
  2153 | D:3      | Found a shimmering blue altar of Sif Muna.
  2603 | D:3      | Found a glowing golden altar of the Shining One.
  2603 | D:3      | Found a blossoming altar of Fedhas.
  2804 | D:3      | Reached skill level 5 in Unarmed Combat
  2804 | D:3      | Reached XP level 5. HP: 22/41 MP: 5/5
  2882 | D:3      | Slain by an orc

Levels and vault maps discovered:
D:1:      dpeg_arrival_pits, layout_basic, corexii_hall_statues_x, minivault_25,
          hex_tiny, kennysheep_decorative_pillar, st_stairs_10,
          nicolae_ashenzari_panopticon
D:2:      layout_basic, old_standard_altar, overflow_temple_1_default,
          first_ration
D:3:      layout_loops_corners, gammafunk_temple_overflow_statue,
          old_standard_altar, uniq_sigmund

Skill      XL: |  1  2  3  4 |
---------------+-------------+-----
Unarmed Combat | 4 5 |  5.1
Fighting       | 3 |  3.5
Dodging        | 4 |  4.2
Stealth        | |  3.0

Action                   |  1- 3 |  4- 6 || total
-------------------------+-------+-------++-------
Melee: Unarmed           |   114 |    93 ||   207
       Bite              |    10 |     6 ||    16
       Punch             |     3 |     3 ||     6
  Use: Scroll            |       |     9 ||     9
 Stab: Sleeping          |     6 |     2 ||     8
Armor: Robe              |    43 |     5 ||    48
       Ring mail         |       |    12 ||    12
Dodge: Dodged            |   117 |    55 ||   172

Table legend:
 A = Non-vault XP
 B = Vault XP
 C = Vault XP percentage of total XP
 D = Non-vault monster count
 E = Vault monster count
 F = Vault count percentage of total count
                 A         B        C        D         E       F
            +---------+---------+-------+---------+---------+-------
      Total |     214 |       3 |   1.4 |      52 |       2 |   3.7
            +---------+---------+-------+---------+---------+-------
        D:1 |      72 |       3 |   4.0 |      29 |       2 |   6.5
        D:2 |      71 |       0 |   0.0 |      17 |       0 |   0.0
        D:3 |      71 |       0 |   0.0 |       6 |       0 |   0.0
            +---------+---------+-------+---------+---------+-------
